[Event "DVM U20 2019"]
[Site "Braunschweig"]
[Date "2019.12.27"]
[Round "2"]
[White "Kroschel, Anton"]
[Black "Peukert, Marc"]
[Result "1/2-1/2"]
[ECO "E65"]
[WhiteElo "1756"]
[BlackElo "1518"]
[Annotator "NA"]
[PlyCount "91"]
[EventDate "2019.12.27"]
[EventType "team-tourn"]
[EventRounds "7"]
[EventCountry "GER"]
[SourceTitle "playchess.com"]
[Source "ChessBase"]
[SourceQuality "1"]
[WhiteTeam "Lübecker SV"]
[BlackTeam "USV TU Dresden"]
[TimeControl "40/5400+30:1800+30"]

1. Nf3 Nf6 2. c4 g6 3. d4 Bg7 4. g3 O-O 5. Bg2 d6 6. Nc3 c5 7. O-O Nbd7 8. Qc2 cxd4 9. Nxd4 Nc5 10. Rd1 a6 11. Nb3 Qc7 12. Nxc5 Qxc5 13. Na4 Qc7 14. Be3 Bd7 15. Nb6 Rab8 16. Nxd7 Nxd7 17. Rac1 Rfc8 18. Qd2 Rd8 19. b3 Rbc8 20. Qb4 b6 21. Bh3 Rb8 22. Qd2 Rb7 23. Bg2 Rbb8 24. h4 Nf6 25. Bf3 h5 26. Qd3 a5 27. a3 Nd7 28. Qb1 Ne5 29. Bg2 Ng4 30. Bg5 Qc5 31. e3 f6 32. Bd5+ Kh7 33. Bf7 Ne5 34. Rd5 Nxf7 35. Rxc5 bxc5 36. g4 fxg5 37. gxh5 Nh8 38. hxg5 Rf8 39. h6 Be5 40. f4 Bxf4 41. exf4 Rxf4 42. Re1 e5 43. Qd1 Rd4 44. Qf3 Rf4 45. Qh3 Rf5 46. Qe3 {[%emt 0:00:00] normal} 1/2-1/2

[Event "DVM U20 2019"]
[Site "Braunschweig"]
[Date "2019.12.27"]
[Round "2"]
[White "Eurich, Alexander"]
[Black "Hoenselaar, Dennis"]
[Result "1-0"]
[ECO "B06"]
[WhiteElo "1741"]
[BlackElo "1769"]
[Annotator "NA"]
[PlyCount "85"]
[EventDate "2019.12.27"]
[EventType "team-tourn"]
[EventRounds "7"]
[EventCountry "GER"]
[SourceTitle "playchess.com"]
[Source "ChessBase"]
[SourceQuality "1"]
[WhiteTeam "SF HN-Biberach"]
[BlackTeam "SK Turm Kleve"]
[TimeControl "40/5400+30:1800+30"]

1. e4 g6 2. d4 Bg7 3. Bf4 d6 4. c3 e6 5. Nf3 Ne7 6. Bb5+ Bd7 7. Qe2 O-O 8. O-O Qe8 9. Na3 a6 10. Bd3 Bc6 11. Rfe1 b6 12. Nc4 Nc8 13. e5 d5 14. Ne3 Bb7 15. Ng4 Nd7 16. Qd2 f6 17. exf6 Nxf6 18. Nxf6+ Bxf6 19. Bxc7 Qf7 20. Bg3 Ne7 21. Be5 Nc6 22. Bxf6 Qxf6 23. Re2 Rae8 24. Rae1 Bc8 25. Qg5 Qg7 26. b4 b5 27. a4 bxa4 28. Ra1 Bd7 29. Bxa6 Rf5 30. Qg3 e5 31. dxe5 Nxe5 32. Nd4 Rff8 33. Rae1 Nc4 34. Bb7 Qf7 35. Rxe8 Rxe8 36. Rxe8+ Bxe8 37. Qb8 Qd7 38. Bxd5+ Qxd5 39. Qxe8+ Kg7 40. Qxa4 Qe4 41. Qd1 Ne5 42. h3 Nd3 43. Qe2 {[%emt 0:00:00] normal} 1-0

[Event "DVM U20 2019"]
[Site "Braunschweig"]
[Date "2019.12.27"]
[Round "2"]
[White "Kirschweng, Luca"]
[Black "Rösler, Hannah Clara Hed"]
[Result "0-1"]
[ECO "A58"]
[WhiteElo "1718"]
[BlackElo "1695"]
[Annotator "NA"]
[PlyCount "76"]
[EventDate "2019.12.27"]
[EventType "team-tourn"]
[EventRounds "7"]
[EventCountry "GER"]
[SourceTitle "playchess.com"]
[Source "ChessBase"]
[SourceQuality "1"]
[WhiteTeam "SG Trier"]
[BlackTeam "SK Bebenhausen"]
[TimeControl "40/5400+30:1800+30"]

1. d4 Nf6 2. c4 c5 3. d5 b5 4. cxb5 a6 5. Nc3 axb5 6. Nxb5 Ba6 7. Nc3 g6 8. g3 d6 9. Nf3 Bg7 10. Bg2 Qc7 11. O-O Nbd7 12. Re1 O-O 13. e4 Ng4 14. h3 Nge5 15. Nxe5 Bxe5 16. f4 Bg7 17. h4 c4 18. h5 Nc5 19. f5 Nd3 20. Re2 Bc8 21. h6 Bd4+ 22. Be3 Be5 23. Rd2 Nxb2 24. Qc2 Nd3 25. fxg6 Qa5 26. gxh7+ Kxh7 27. Rf1 Qxc3 28. Qd1 Bd4 29. Bxd4 Qxd4+ 30. Kh2 Qe5 31. Qf3 Qg5 32. Re2 Ba6 33. Qf5+ Qxf5 34. exf5 Ne5 35. f6 c3 36. Be4+ Kxh6 37. fxe7 Rfe8 38. Rf6+ Kg7 {[%emt 0:00:11] normal} 0-1

[Event "DVM U20 2019"]
[Site "Braunschweig"]
[Date "2019.12.27"]
[Round "2"]
[White "Ortner, Jonas Ruben"]
[Black "Roos, Elias"]
[Result "0-1"]
[ECO "B54"]
[WhiteElo "1718"]
[BlackElo "1812"]
[Annotator "NA"]
[PlyCount "128"]
[EventDate "2019.12.27"]
[EventType "team-tourn"]
[EventRounds "7"]
[EventCountry "GER"]
[SourceTitle "playchess.com"]
[Source "ChessBase"]
[SourceQuality "1"]
[WhiteTeam "SK Bebenhausen"]
[BlackTeam "SG Trier"]
[TimeControl "40/5400+30:1800+30"]

1. e4 c5 2. Nf3 d6 3. d4 cxd4 4. Nxd4 Nf6 5. f3 Nc6 6. c4 g6 7. Nc3 Bg7 8. Be3 Bd7 9. Be2 O-O 10. Qd2 Rc8 11. O-O Ne5 12. b3 Re8 13. Rac1 Qa5 14. h3 Nc6 15. Nxc6 Bxc6 16. Rb1 Nh5 17. b4 Qe5 18. Rfc1 Qg3 19. Bf2 Qf4 20. Qxf4 Nxf4 21. Bf1 b6 22. g3 Ne6 23. Rd1 Bxc3 24. Rd3 Bg7 25. Bg2 Ba4 26. Rc1 Bb5 27. f4 Rxc4 28. Rxc4 Bxc4 29. Ra3 a6 30. Bxb6 Bd4+ 31. Bxd4 Nxd4 32. Bf1 Bxf1 33. Kxf1 Rb8 34. Rxa6 Rxb4 35. a4 Rb2 36. Ra7 Kf8 37. Ra8+ Kg7 38. Re8 Kf6 39. Rh8 h5 40. a5 Ra2 41. Ra8 Nc6 42. e5+ Ke6 43. exd6 exd6 44. a6 Kf6 45. g4 hxg4 46. hxg4 Nb4 47. Rb8 Nxa6 48. Rb6 Ke6 49. f5+ gxf5 50. gxf5+ Ke5 51. Rb5+ Nc5 52. Rb6 Rd2 53. Rc6 Ne4 54. Rc7 f6 55. Re7+ Kxf5 56. Rh7 Ke5 57. Rh3 Ra2 58. Rh7 f5 59. Rh3 d5 60. Rh7 Kf4 61. Rh3 Ng3+ 62. Kg1 Kf3 63. Rh4 Ra1+ 64. Kh2 Rh1# {normal} 0-1

[Event "DVM U20 2019"]
[Site "Braunschweig"]
[Date "2019.12.27"]
[Round "2"]
[White "Heise, Tobias"]
[Black "Grining, Maria"]
[Result "1-0"]
[ECO "D02"]
[WhiteElo "1712"]
[BlackElo "1744"]
[Annotator "NA"]
[PlyCount "72"]
[EventDate "2019.12.27"]
[EventType "team-tourn"]
[EventRounds "7"]
[EventCountry "GER"]
[SourceTitle "playchess.com"]
[Source "ChessBase"]
[SourceQuality "1"]
[WhiteTeam "SK Lehrte 1919"]
[BlackTeam "Karlsruher SF"]
[TimeControl "40/5400+30:1800+30"]

1. d4 d5 2. Nf3 Nf6 3. Bf4 e6 4. c3 c5 5. e3 Be7 6. Bd3 Nbd7 7. Nbd2 O-O 8. h3 b6 9. Ne5 Bb7 10. Qe2 Nxe5 11. dxe5 Ne4 12. Nxe4 dxe4 13. Bc2 Bg5 14. Bg3 Qd5 15. O-O Rad8 16. Rfd1 Qc6 17. Rd6 Rxd6 18. exd6 Bf6 19. Rd1 Rd8 20. Rd2 c4 21. Qg4 e5 22. d7 Qe6 23. Qd1 Be7 24. b3 Bc6 25. bxc4 Rxd7 26. Rxd7 Qxd7 27. Bxe5 Qxd1+ 28. Bxd1 f6 29. Bd4 Kf8 30. Bb3 Ke8 31. a4 Bc5 32. Kf1 Kd7 33. Ke2 Kd6 {[%emt 0:01:01] normal} 34. f3 {[%emt 0:00:45] normal} Ke6 {[%emt 0:03:10] normal} 35. Bc2 exf3+ 36. gxf3 h6 {[%emt 0:00:34] normal} 1-0

[Event "DVM U20 2019"]
[Site "Braunschweig"]
[Date "2019.12.27"]
[Round "2"]
[White "Meyer, Julian"]
[Black "Mundt, Alexandra"]
[Result "0-1"]
[ECO "D53"]
[WhiteElo "1664"]
[BlackElo "1775"]
[Annotator "NA"]
[PlyCount "40"]
[EventDate "2019.12.27"]
[EventType "team-tourn"]
[EventRounds "7"]
[EventCountry "GER"]
[SourceTitle "playchess.com"]
[Source "ChessBase"]
[SourceQuality "1"]
[WhiteTeam "USV TU Dresden"]
[BlackTeam "Lübecker SV"]
[TimeControl "40/5400+30:1800+30"]

1. d4 Nf6 2. c4 e6 3. Nc3 d5 4. Bg5 Be7 5. e3 c5 6. cxd5 cxd4 7. Qxd4 exd5 8. Rd1 Nc6 9. Qd2 Be6 10. Nf3 O-O 11. g3 Ne4 12. Nxe4 dxe4 13. Qxd8 Raxd8 14. Bxe7 Nxe7 15. Nd2 a6 16. Bg2 f5 17. a3 Rd3 18. Ke2 Rfd8 19. f3 Bd7 {[%emt 0:08:12] normal} 20. fxe4 {[%emt 0:09:20] normal} Bb5 {[%emt 0:00:40] normal} 0-1

[Event "DVM U20 2019"]
[Site "Braunschweig"]
[Date "2019.12.27"]
[Round "2"]
[White "Habersetzer, Elyse"]
[Black "Fischer, Patrick"]
[Result "0-1"]
[ECO "D00"]
[WhiteElo "1650"]
[BlackElo "1604"]
[Annotator "NA"]
[PlyCount "49"]
[EventDate "2019.12.27"]
[EventType "team-tourn"]
[EventRounds "7"]
[EventCountry "GER"]
[SourceTitle "playchess.com"]
[Source "ChessBase"]
[SourceQuality "1"]
[WhiteTeam "SK Turm Kleve"]
[BlackTeam "SF HN-Biberach"]
[TimeControl "40/5400+30:1800+30"]

1. d4 d5 2. e3 c6 3. Bd3 Nf6 4. f4 e6 5. Nf3 c5 6. c3 Nc6 7. O-O c4 8. Bc2 Be7 9. Nbd2 O-O 10. Ne5 Bd7 11. Rf3 g6 12. Rh3 b5 13. a3 Ne8 14. e4 f5 15. exd5 exd5 16. Re3 Nf6 17. Qe1 Ne4 18. g4 Bh4 19. Qe2 Bf2+ 20. Kh1 Bxe3 21. Qxe3 Nxd2 22. Nxc6 Bxc6 23. Qe6+ Rf7 24. gxf5 Bd7 25. Qxd5 {[%emt 0:00:26] normal} 0-1

[Event "DVM U20 2019"]
[Site "Braunschweig"]
[Date "2019.12.27"]
[Round "2"]
[White "Honisch, Alexander"]
[Black "Schäfer, Melvin"]
[Result "1/2-1/2"]
[ECO "B01"]
[WhiteElo "1477"]
[BlackElo "1392"]
[Annotator "NA"]
[PlyCount "101"]
[EventDate "2019.12.27"]
[EventType "team-tourn"]
[EventRounds "7"]
[EventCountry "GER"]
[SourceTitle "playchess.com"]
[Source "ChessBase"]
[SourceQuality "1"]
[WhiteTeam "SK Bebenhausen"]
[BlackTeam "SG Trier"]
[TimeControl "40/5400+30:1800+30"]

1. e4 d5 2. exd5 Qxd5 3. Nc3 Qa5 4. d4 Nf6 5. Nf3 Bg4 6. Be2 e6 7. O-O c6 8. Ne5 Bxe2 9. Qxe2 Nbd7 10. Bf4 Qb4 11. Nxd7 Nxd7 12. Qd3 Be7 13. a3 Qb6 14. Rfe1 Rd8 15. b3 Nf6 16. Be3 O-O 17. Qc4 Nd5 18. Nxd5 Rxd5 19. Qe2 Bf6 20. c4 Rd7 21. Red1 Bxd4 22. Bxd4 Rxd4 23. Rxd4 Qxd4 24. Rd1 Qb6 25. Rd3 Rd8 26. Rxd8+ Qxd8 27. h3 h6 28. Qb2 Qd6 29. b4 b6 30. Qb3 b5 31. cxb5 cxb5 32. a4 Qe5 33. axb5 Qxb5 34. Qc3 Qd7 35. Qc5 Qb7 36. b5 Qb6 37. Qc6 Qb8 38. g3 g6 39. Qd7 Kg7 40. Qd4+ Kg8 41. Qd7 Kg7 42. Qd4+ Kg8 43. Qd7 Qe5 44. Qc8+ Kg7 45. Qa6 Qe1+ 46. Kg2 Qe4+ 47. Kg1 Qe1+ 48. Kg2 Qe4+ 49. Kg1 Qe1+ 50. Kg2 Qe4+ 51. Kg1 {[%emt 0:01:07] normal} 1/2-1/2

[Event "DVM U20 2019"]
[Site "Braunschweig"]
[Date "2019.12.27"]
[Round "2"]
[White "Gerold, Robin"]
[Black "van Haaren, Laurens Jan"]
[Result "0-1"]
[ECO "A10"]
[WhiteElo "1448"]
[BlackElo "1482"]
[Annotator "NA"]
[PlyCount "108"]
[EventDate "2019.12.27"]
[EventType "team-tourn"]
[EventRounds "7"]
[EventCountry "GER"]
[SourceTitle "playchess.com"]
[Source "ChessBase"]
[SourceQuality "1"]
[WhiteTeam "SF HN-Biberach"]
[BlackTeam "SK Turm Kleve"]
[TimeControl "40/5400+30:1800+30"]

1. c4 g6 2. g3 Bg7 3. Bg2 e6 4. Nf3 Ne7 5. O-O Nbc6 6. d3 O-O 7. Nbd2 b6 8. Rb1 Bb7 9. b4 d5 10. Bb2 d4 11. b5 Na5 12. Nb3 Nxb3 13. Qxb3 e5 14. a4 c5 15. Ra1 Qc7 16. Bc1 f5 17. Bd2 e4 18. Bf4 Qd7 19. Ne1 e3 20. Bxb7 exf2+ 21. Rxf2 Qxb7 22. a5 h6 23. a6 Qd7 24. Rd1 g5 25. Bc1 Ng6 26. Ng2 Rae8 27. Qc2 Be5 28. Re1 f4 29. gxf4 Nxf4 30. Bxf4 Bxf4 31. Nxf4 Rxf4 32. Ref1 Qg4+ 33. Rg2 Rxf1+ 34. Kxf1 Rf8+ 35. Kg1 Qf4 36. Qd1 Qe3+ 37. Kh1 Rf2 38. Qe1 Rxg2 39. Kxg2 Qf4 40. Qg3 Qxg3+ 41. Kxg3 Kf7 42. Kf3 Ke6 43. Ke4 h5 44. h3 h4 45. Kf3 Kf5 46. e4+ dxe3 47. Kxe3 g4 48. d4 cxd4+ 49. Kxd4 gxh3 50. c5 h2 51. cxb6 h1=Q 52. b7 Qg1+ 53. Kd5 Qb6 54. Kc4 h3 {[%emt 0:00:15] normal} 0-1

[Event "DVM U20 2019"]
[Site "Braunschweig"]
[Date "2019.12.28"]
[Round "3"]
[White "Kueppers, Timo"]
[Black "Doll, Alexander"]
[Result "1-0"]
[ECO "C72"]
[WhiteElo "2296"]
[BlackElo "2127"]
[Annotator "RC"]
[PlyCount "55"]
[EventDate "2019.12.27"]
[EventType "team-tourn"]
[EventRounds "7"]
[EventCountry "GER"]
[SourceTitle "playchess.com"]
[Source "ChessBase"]
[SourceQuality "1"]
[WhiteTeam "SF Essen-Katernberg"]
[BlackTeam "OSG Baden-Baden"]
[TimeControl "40/5400+30:1800+30"]

1. e4 e5 2. Nf3 Nc6 3. Bb5 a6 4. Ba4 d6 5. O-O Bg4 6. h3 h5 7. d4 b5 8. Bb3 Nxd4 9. hxg4 Nxb3 10. axb3 hxg4 11. Ng5 Qd7 12. c4 b4 13. c5 Ne7 14. cxd6 cxd6 15. Nd2 f6 16. Nc4 Nc8 17. Qd5 Rb8 18. Ne6 Qf7 19. Re1 Qh5 20. Kf1 Qh1+ 21. Ke2 Qxg2 22. Be3 Qf3+ 23. Kd2 Rh2 24. Nc7+ Ke7 25. Nxa6 Rxf2+ 26. Bxf2 Qxf2+ 27. Re2 Qf4+ 28. Kc2 {[%emt 0:00:15] normal} 1-0

[Event "DVM U20 2019"]
[Site "Braunschweig"]
[Date "2019.12.28"]
[Round "3"]
[White "Sieber, Fiona"]
[Black "Geltz, Noah"]
[Result "0-1"]
[ECO "C67"]
[WhiteElo "2277"]
[BlackElo "2054"]
[Annotator "RC"]
[PlyCount "108"]
[EventDate "2019.12.27"]
[EventType "team-tourn"]
[EventRounds "7"]
[EventCountry "GER"]
[SourceTitle "playchess.com"]
[Source "ChessBase"]
[SourceQuality "1"]
[WhiteTeam "SG Aufbau Elbe Magdeburg"]
[BlackTeam "SF HN-Biberach"]
[TimeControl "40/5400+30:1800+30"]

1. e4 e5 2. Nf3 Nc6 3. Bb5 Nf6 4. O-O Nxe4 5. d4 Nd6 6. Bxc6 dxc6 7. dxe5 Nf5 8. Qxd8+ Kxd8 9. Nc3 Be7 10. h3 Nh4 11. Ng5 Ke8 12. Nge4 Nf5 13. Rd1 h5 14. Bg5 h4 15. Rd3 Rh5 16. f4 Bxg5 17. Nxg5 Ng3 18. Kf2 Bf5 19. Rd2 Rh8 20. Rad1 b5 21. Ke3 Ke7 22. Nce4 Nxe4 23. Nxe4 Rab8 24. Nc5 Rh6 25. Nb3 Rg6 26. Nd4 Rg3+ 27. Nf3 Rh8 28. Kf2 Rg6 29. b4 Be6 30. c3 Bd5 31. f5 Rg3 32. Rd4 Rh5 33. Rf4 Bxf3 34. gxf3 Rxh3 35. Ke3 Rh2 36. Rfd4 Rxf5 37. f4 g5 38. fxg5 Rxg5 39. Kf4 Rhg2 40. Rd7+ Ke6 41. Rxc7 R5g4+ 42. Kf3 R2g3+ 43. Kf2 Rxc3 44. Rd6+ Kxe5 45. Rdxc6 Rxc6 46. Rxc6 Rxb4 47. Rc7 Rb2+ 48. Ke3 h3 49. Rxf7 h2 50. Rh7 Rxa2 51. Rh5+ Kf6 52. Kf4 b4 53. Kg3 b3 54. Rh6+ Kg7 {[%emt 0:00:00] normal} 0-1

[Event "DVM U20 2019"]
[Site "Braunschweig"]
[Date "2019.12.28"]
[Round "3"]
[White "Holinka, Henning"]
[Black "Fluechter, Gregor"]
[Result "1-0"]
[ECO "B32"]
[WhiteElo "2233"]
[BlackElo "2174"]
[Annotator "ChessBase"]
[PlyCount "88"]
[EventDate "2019.12.27"]
[EventType "team-tourn"]
[EventRounds "7"]
[EventCountry "GER"]
[SourceTitle "playchess.com"]
[Source "ChessBase"]
[SourceQuality "1"]
[WhiteTeam "Hamburger SK"]
[BlackTeam "SF Brackel"]
[TimeControl "40/5400+30:1800+30"]

1. e4 c5 2. Nf3 Nc6 3. d4 cxd4 4. Nxd4 e5 5. Nb5 a6 6. Nd6+ Bxd6 7. Qxd6 Qe7 8. Qd1 Nf6 9. Nc3 d6 10. Bg5 Be6 11. Nd5 Bxd5 12. exd5 Nb8 13. Be2 O-O 14. O-O h6 15. Be3 Nbd7 16. c4 Rfb8 17. a4 a5 18. Qb3 b6 19. Rae1 Nc5 20. Qa3 Qd7 21. Bd1 Ng4 22. Bd2 f5 23. h3 Nf6 24. f4 e4 25. Be3 Nd3 26. Re2 Kh7 27. Bc2 Nc5 28. b3 Rg8 29. Qa1 Raf8 30. Ref2 Qe7 31. Qc3 Nfd7 32. Kh2 Rf7 33. Bd4 Rff8 34. g4 g6 35. Qg3 Re8 36. Re2 Qf7 37. Re3 Rgf8 38. Bd1 Rg8 39. Qh4 Nd3 40. Rg3 N3c5 41. gxf5 Qxf5 42. Rg5 Qf7 43. f5 Qe7 44. fxg6+ Rxg6 {[%emt 0:00:08] normal} 1-0

[Event "DVM U20 2019"]
[Site "Braunschweig"]
[Date "2019.12.28"]
[Round "3"]
[White "Schneider, Jana"]
[Black "Meiwes, Thore"]
[Result "1-0"]
[ECO "B33"]
[WhiteElo "2210"]
[BlackElo "2106"]
[Annotator "RC"]
[PlyCount "93"]
[EventDate "2019.12.27"]
[EventType "team-tourn"]
[EventRounds "7"]
[EventCountry "GER"]
[SourceTitle "playchess.com"]
[Source "ChessBase"]
[SourceQuality "1"]
[WhiteTeam "SC Bavaria Regensburg"]
[BlackTeam "SK Lehrte 1919"]
[TimeControl "40/5400+30:1800+30"]

1. e4 c5 2. Nf3 Nc6 3. d4 cxd4 4. Nxd4 Nf6 5. Nc3 g6 6. Be3 Bg7 7. f3 O-O 8. Qd2 d5 9. O-O-O dxe4 10. Nxc6 Qxd2+ 11. Bxd2 bxc6 12. Nxe4 Nxe4 13. fxe4 Be6 14. Be3 a5 15. a4 Rab8 16. b3 c5 17. Bb5 Rfc8 18. c4 Be5 19. Kc2 f6 20. Bd7 Bxd7 21. Rxd7 Kf8 22. Ra7 Bd4 23. Bxd4 cxd4 24. Rxa5 Ra8 25. Rxa8 Rxa8 26. Kd3 e5 27. c5 Ke7 28. g4 Ke6 29. Rf1 Rb8 30. Kc4 Rd8 31. Rf3 f5 32. gxf5+ gxf5 33. Rxf5 d3 34. Rf1 Rd4+ 35. Kc3 Rxe4 36. Kxd3 Kd5 37. Rc1 Rd4+ 38. Ke3 Rb4 39. c6 Rxb3+ 40. Kd2 Rb8 41. c7 Rc8 42. Ke3 Ke6 43. Ke4 Kd7 44. h4 h5 {[%emt 0:00:31] normal} 45. a5 Kd6 {[%emt 0:00:10] normal} 46. a6 Kd7 47. a7 {[%emt 0:00:07] normal} 1-0

[Event "DVM U20 2019"]
[Site "Braunschweig"]
[Date "2019.12.28"]
[Round "3"]
[White "Stelmaszyk, Nico"]
[Black "Goldbeck, Lars"]
[Result "1/2-1/2"]
[ECO "B13"]
[WhiteElo "2193"]
[BlackElo "2312"]
[Annotator "NA"]
[PlyCount "84"]
[EventDate "2019.12.27"]
[EventType "team-tourn"]
[EventRounds "7"]
[EventCountry "GER"]
[SourceTitle "playchess.com"]
[Source "ChessBase"]
[SourceQuality "1"]
[WhiteTeam "SK Lehrte 1919"]
[BlackTeam "SC Bavaria Regensburg"]
[TimeControl "40/5400+30:1800+30"]

1. e4 c6 2. d4 d5 3. exd5 cxd5 4. c4 Nf6 5. Nc3 Nc6 6. Bg5 {[%emt 0:00:04] unterminated} Be6 7. Nf3 g6 {[%emt 0:00:48] unterminated} 8. Bxf6 exf6 9. c5 {[%emt 0:00:07] unterminated} Bh6 {[%emt 0:07:32] unterminated unterminated. B13: Caro-Kann: Exchange Variation and Panov-Botvinnik Attack} (9... Bg7 10. Bb5 O-O 11. O-O Bg4 12. Bxc6 bxc6 13. h3 Bxf3 14. Qxf3 Rb8 15. b3 f5 16. Rfd1 Qh4 17. Ne2 {½-½ (47) Romanov,E (2626)-Volkov,S (2645) St Petersburg 2017}) 10. Bd3 O-O 11. O-O {[%emt 0:00:10] unterminated} Qd7 {[%emt 0:04:30] unterminated} 12. Rb1 {[%emt 0:03:58] unterminated} Rad8 {[%emt 0:15:43] unterminated} 13. b4 {[%emt 0:06:18] unterminated} a6 $146 ({Predecessor:} 13... Bg4 14. Be2 Bf4 15. b5 Ne7 16. Re1 Bb8 17. Nd2 {0-1 (35) Schwierskott,M (2107)-Osmanodja,F (2245) Tegernsee 2017}) 14. a4 {[%emt 0:00:25] unterminated} Bg4 {[%emt 0:08:25] unterminated} 15. Be2 $1 {[%emt 0:01:44] unterminated} a5 {[%emt 0:02:49] unterminated} 16. bxa5 Nxa5 {[%emt 0:00:14] unterminated} 17. h3 {[%emt 0:00:43] unterminated} Be6 {[%emt 0:03:52] unterminated} 18. Rb5 {[%emt 0:03:21] unterminated} Ra8 19. Rb6 {[%emt 0:01:03] unterminated} Bf4 {[%emt 0:01:39] unterminated} 20. Re1 {[%emt 0:10:46] unterminated} Kg7 {[%emt 0:03:17] unterminated} 21. Nd2 {[%emt 0:10:07] unterminated} Bc7 {[%emt 0:08:42] unterminated} 22. Rb5 {[%emt 0:01:24] unterminated} Rfd8 {[%emt 0:02:05] unterminated} 23. Nf1 {[%emt 0:01:26] unterminated} Nc6 {[%emt 0:07:17] unterminated} 24. Bf3 Ba5 {[%emt 0:00:34] unterminated} 25. Re3 {[%emt 0:00:41] unterminated} f5 {[%emt 0:02:17] unterminated} 26. Ne2 {[%emt 0:01:55] unterminated} Bc7 {[%emt 0:03:25] unterminated} 27. Reb3 Ra7 {[%emt 0:01:01] unterminated} 28. Nc3 {[%emt 0:03:16] unterminated} Na5 {[%emt 0:04:31] unterminated} 29. Rb1 {[%emt 0:02:18] unterminated} Nc4 30. Qb3 {[%emt 0:00:44] unterminated} g5 {[%emt 0:01:49] unterminated} 31. Nd1 {[%emt 0:11:52] unterminated} ({White should try} 31. Qd1 $14) 31... f4 {[%emt 0:05:31] unterminated} 32. Qc3 {[%emt 0:03:03] unterminated} ({Wrong is} 32. Rxb7 $2 Rxb7 33. Qxb7 Rb8 $19) 32... Qc8 33. Be2 {[%emt 0:00:36] unterminated} f6 34. Bxc4 dxc4 35. Nb2 Bd5 {[%emt 0:01:00] unterminated} 36. Nxc4 {[%emt 0:01:25] unterminated} Rxa4 {[%emt 0:00:34] unterminated} 37. Nb6 Bxb6 $1 {[%emt 0:00:01] Pin} 38. Rxb6 {[%emt 0:00:08] [#] unterminated} Bc6 $1 39. R6b4 {[%emt 0:00:49] unterminated} Rxb4 {[%emt 0:01:27] unterminated} 40. Rxb4 f3 {[%emt 0:01:37] unterminated} ({Black should try} 40... h5 $17) 41. gxf3 $2 {[%emt 0:11:44] unterminated} (41. g4 $11) 41... Qxh3 {[%emt 0:01:58] unterminated} 42. Ng3 {[%emt 0:03:39] [#] unterminated} Qe6 $15 {[%emt 0:04:45] normal} ({Black should play} 42... Re8 $1 $19 43. Rb1 g4) 1/2-1/2

[Event "DVM U20 2019"]
[Site "Braunschweig"]
[Date "2019.12.28"]
[Round "3"]
[White "Thomsen, Phil"]
[Black "Yankelevich, Michael"]
[Result "0-1"]
[ECO "B32"]
[WhiteElo "2147"]
[BlackElo "2064"]
[Annotator "RC"]
[PlyCount "70"]
[EventDate "2019.12.27"]
[EventType "team-tourn"]
[EventRounds "7"]
[EventCountry "GER"]
[SourceTitle "playchess.com"]
[Source "ChessBase"]
[SourceQuality "1"]
[WhiteTeam "Sges Bensheim"]
[BlackTeam "SG Trier"]
[TimeControl "40/5400+30:1800+30"]

1. e4 c5 2. Nf3 Nc6 3. d4 cxd4 4. Nxd4 e5 5. Nb5 a6 6. Nd6+ Bxd6 7. Qxd6 Qe7 8. Qd2 Nf6 9. Nc3 Nd4 10. Bd3 O-O 11. O-O b5 12. Nd5 Nxd5 13. exd5 d6 14. Re1 Qf6 15. c3 Nf5 16. b3 Ne7 17. Bb2 Bf5 18. Rac1 Qg6 19. Re3 Bxd3 20. Rxd3 Rac8 21. Ba3 Rfd8 22. Bb4 Nf5 23. Ra1 Re8 24. a4 bxa4 25. Rxa4 Nh4 26. f3 Nxg2 27. Kh1 Nf4 28. Re3 Qb1+ 29. Re1 Qxb3 30. Rxa6 Nxd5 31. Bxd6 e4 {[%emt 0:03:40] normal} 32. fxe4 Nxc3 {[%emt 0:00:13] normal} 33. Ra3 {[%emt 0:01:46] normal} Nxe4 {[%emt 0:01:50] normal} 34. Qd4 {[%emt 0:04:53] normal} Qb7 {[%emt 0:00:39] normal} 35. Kg1 Nxd6 {[%emt 0:00:10] normal} 0-1

[Event "DVM U20 2019"]
[Site "Braunschweig"]
[Date "2019.12.28"]
[Round "3"]
[White "Lutz, Ruben"]
[Black "Melde, Benjamin"]
[Result "1/2-1/2"]
[ECO "A45"]
[WhiteElo "2132"]
[BlackElo "2120"]
[Annotator "NA"]
[PlyCount "88"]
[EventDate "2019.12.27"]
[EventType "team-tourn"]
[EventRounds "7"]
[EventCountry "GER"]
[SourceTitle "playchess.com"]
[Source "ChessBase"]
[SourceQuality "1"]
[WhiteTeam "USV TU Dresden"]
[BlackTeam "SK Turm Kleve"]
[TimeControl "40/5400+30:1800+30"]

1. d4 Nf6 2. Bf4 g6 3. e3 Bg7 4. Nf3 O-O 5. Be2 d6 6. h3 c5 7. c3 b6 8. Nbd2 Bb7 9. O-O Nbd7 {[%emt 0:00:05] unterminated} 10. a4 a6 {[%emt 0:00:06] unterminated} 11. Bh2 Ra7 {[%emt 0:00:06] unterminated} 12. b4 {[%emt 0:12:04] unterminated A48: 1 d4 Nf6 2 Nf3 g6: Torre, London and Colle Systems} (12. Qb1 Qa8 13. Bd3 cxd4 14. cxd4 Nd5 15. Rc1 Nb4 16. Bf1 Nf6 17. Ra3 Bd5 18. Bc4 Bc6 19. Bf1 Bd5 {1-0 (56) Ivanchuk,V (2713)-Wagner,D (2566) Batumi 2018}) 12... Qa8 13. Qb3 Rc8 14. Rfc1 cxb4 15. cxb4 Bd5 16. Qb2 {[%emt 0:03:34] [#]} a5 $146 ({Predecessor:} 16... Rac7 17. Rxc7 Rxc7 {½-½ (17) Deepan Chakkravarthy,J (2506)-David,A (2565) Paris 2009}) 17. b5 Rac7 18. Rxc7 Rxc7 19. Rc1 Qc8 20. Rxc7 Qxc7 21. Bd3 Bb7 22. e4 Ne8 23. Qc2 Qxc2 24. Bxc2 e6 25. Kf1 Kf8 26. Ke2 Bh6 27. Bg3 {[%emt 0:01:58] unterminated} Bg7 28. Bf4 {[%emt 0:01:02] unterminated} Ke7 {[%emt 0:00:06] unterminated} 29. Be3 h6 {[%emt 0:00:17] unterminated} 30. Ne1 {[%emt 0:05:17] unterminated} f5 31. f3 Nef6 {[%emt 0:00:08] unterminated} 32. g4 {[%emt 0:01:44] unterminated} fxe4 33. fxe4 g5 {[%emt 0:01:08] unterminated} 34. Kf3 {[%emt 0:03:24] unterminated} Nf8 {[%emt 0:03:01] unterminated} 35. Nf1 N6d7 {[%emt 0:01:07] unterminated} 36. Ng3 Ng6 {[%emt 0:00:02] unterminated} 37. Nd3 Nh4+ {[%emt 0:00:20] unterminated} 38. Kf2 Nf6 39. Nb2 {[%emt 0:00:23] unterminated} d5 40. e5 Nd7 {[%emt 0:00:55] unterminated} 41. Nd3 {[%emt 0:04:19] unterminated} Kf7 $14 42. Ne1 Bf8 43. Nf3 Nxf3 44. Kxf3 Be7 {[%emt 0:07:23] normal} 1/2-1/2